 Dungeon Crawl Stone Soup version 0.21-a0-633-g4c047d5 (webtiles) character file.

1730 Madydog the Carver (level 8, 0/73 HPs)
             Began as a Minotaur Berserker on Dec 27, 2017.
             Was an Elder of Trog.
             Slain by an orc wizard
             ... wielding a +0 dagger
              (1 damage)
             ... on level 6 of the Dungeon.
             The game lasted 00:14:35 (4755 turns).

Madydog the Carver (Minotaur Berserker)             Turns: 4755, Time: 00:14:36

Health: 0/73       AC:  8    Str: 27    XL:     8   Next: 76%
Magic:  7/7        EV: 13    Int:  7    God:    Trog [****..]
Gold:   240        SH:  0    Dex: 10    Spells: 7/7 levels left

rFire    . . .     SeeInvis .   z - +1 mace (distort)
rCold    . . .     Gourm    .   (no shield)
rNeg     . . .     Faith    .   k - +0 ring mail
rPois    .         Spirit   .   (helmet restricted)
rElec    .         Reflect  .   (no cloak)
rCorr    .         Harm     .   l - +1 pair of gloves {Str+3}
MR       .....                  (no boots)
Stlth    +.........             (no amulet)
HPRegen  0.22/turn              o - ring of flight
MPRegen  0.10/turn              d - +3 ring of intelligence

@: no status effects
A: retaliatory headbutt, horns 2
a: Berserk, Trog's Hand, Brothers in Arms, Burn Spellbooks, Renounce Religion,
Evoke Flight


You were on level 6 of the Dungeon.
You worshipped Trog.
Trog was greatly pleased with you.
You were hungry.

You visited 1 branch of the dungeon, and saw 6 of its levels.

You collected 240 gold pieces.

Inventory:

Hand Weapons
 a - a +0 falchion
 s - a -2 whip
 y - a -3 whip
 z - a +1 mace of distortion (weapon)
Armour
 b - a +0 animal skin
 k - a +0 ring mail (worn)
 l - a +1 pair of gloves of strength (worn)
Jewellery
 d - a +3 ring of intelligence (right hand)
 i - an uncursed ring of magical power
 o - a ring of flight (left hand)
 p - an uncursed ring of magical power
Wands
 v - a wand of iceblast (5)
Scrolls
 e - 2 scrolls of identify
 h - 2 scrolls of enchant armour
 j - 3 scrolls of noise {unknown}
 q - a scroll of enchant weapon {unknown}
 t - a scroll of magic mapping {unknown}
 u - a scroll of teleportation
 w - a scroll of blinking
 x - a scroll of immolation {unknown}
 A - a scroll of remove curse
 B - a scroll of amnesia {unknown}
Potions
 f - a potion of agility {unknown}
 g - 2 potions of lignification
 m - a potion of invisibility {unknown}
 n - 2 potions of curing {unknown}
 r - a potion of haste {unknown}
 C - a potion of resistance {unknown}
Comestibles
 c - 10 rations


   Skills:
 + Level 7.1 Fighting
 + Level 8.6 Long Blades
 * Level 4.1 Maces & Flails
 + Level 6.9 Armour
 + Level 4.4 Dodging
 - Level 1.1 Stealth


You had 7 spell levels left.
You didn't know any spells.

Dungeon Overview and Level Annotations

Branches:
Dungeon (6/15)
 Temple: D:4-7

Altars:
Trog

Shops:
D:6 =(

Annotations:
Abyss:1 Natasha


Innate Abilities, Weirdness & Mutations

You reflexively headbutt those who attack you in melee.
You have a pair of horns on your head.


Message History

The orc warrior is almost dead.
The orc wizard begins to cast a cantrip, but forgets the words!
The orc warrior hits you with a battleaxe!!
* * * LOW HITPOINT WARNING * * *
You barely miss the orc warrior.
The orc warrior is almost dead.
The orc wizard barely misses you. You furiously retaliate!
You headbutt the orc wizard, but do no damage.
You hit the orc warrior.
You kill the orc warrior!
Trog accepts your kill.
Your Maces & Flails skill increases to level 4!
The orc wizard mumbles some strange words.
The orc wizard seems to speed up.
The orc closely misses you.
You hit the orc.
Space warps horribly around the orc!
You kill the orc!
Trog accepts your kill.
The orc wizard hits you but does no damage.
The orc wizard hits you with a dagger.
You die...

......... .#.# ####
#....... ##.#.#
#≈≈≈##...... #.....
≈≈≈≈≈#..... #.##.# ≈
∩....... #.##.# ≈≈≈ ≈...o#
#.##.#### #≈≈≈##.).#
##.#.))(.#
........)########....)...##
##.###...)@.......#....)...
##.#o####.##........##
#.+∩'.##.###.#.>...#
#.#+#.....##.#.....#
##........##.####..#
########.##.####..##
#....<....... #############


You could see an orc wizard.

Vanquished Creatures
  The ghost of Ahrinia the Vexing, an amateur GnAM (D:3)
  An ice beast (D:5)
  An orc warrior (D:6)
  A phantom (D:6)
  5 ogres
  A centaur (D:5)
  A bullfrog (D:6)
  A scorpion (D:5)
  A water moccasin skeleton (D:5)
  A jelly (D:2)
  A crimson imp (D:5)
  A bullfrog zombie (D:5)
  2 orc priests
  A centaur skeleton (D:6)
  Jessica (D:2)
  3 worker ants (D:4)
  Natasha (D:4)
  A worker ant zombie (D:5)
  Robin (D:2)
  7 gnolls
  6 adders
  A shadow imp (D:5)
  3 oozes
  An adder zombie (D:6)
  3 worms
  3 dart slugs
  3 leopard geckos
  16 orcs
  A ball python (D:3)
  5 giant cockroaches
  13 hobgoblins
  5 jackals (D:2)
  4 kobolds
  2 quokkas
  7 bats
  A frilled lizard (D:4)
  8 goblins
  3 rats
118 creatures vanquished.

Vanquished Creatures (others)
  A wyvern skeleton (D:6)
1 creature vanquished.

Grand Total: 119 creatures vanquished

Notes
Turn   | Place    | Note
-------+----------+-------------------------------------------
     0 | D:1      | Madydog the Minotaur Berserker began the quest for the Orb.
     0 | D:1      | Reached XP level 1. HP: 19/19 MP: 0/0
   126 | D:1      | Reached XP level 2. HP: 26/27 MP: 1/1
   200 | D:1      | Reached skill level 4 in Long Blades
   215 | D:1      | Upgraded the game from 0.21-a0-632-g1e37ce5 to 0.21-a0-633-g4c047d5
   753 | D:2      | Noticed Robin
   763 | D:2      | Killed Robin
   763 | D:2      | Reached XP level 3. HP: 28/33 MP: 2/2
   826 | D:2      | Reached ** piety under Trog
   954 | D:2      | Reached XP level 4. HP: 31/41 MP: 3/3
  1240 | D:2      | Noticed Jessica
  1244 | D:2      | Killed Jessica
  1244 | D:2      | Reached XP level 5. HP: 38/47 MP: 4/4
  1551 | D:3      | Reached skill level 5 in Long Blades
  2087 | D:3      | Noticed Ahrinia's ghost (amateur GnAM)
  2101 | D:3      | Killed Ahrinia's ghost
  2101 | D:3      | Reached skill level 5 in Fighting
  2101 | D:3      | Reached XP level 6. HP: 28/56 MP: 5/5
  2721 | D:4      | Found a bloodstained altar of Trog.
  2745 | D:4      | Reached skill level 6 in Long Blades
  2774 | D:4      | Reached *** piety under Trog
  2774 | D:4      | Reached skill level 5 in Armour
  2933 | D:4      | Noticed Natasha
  2948 | D:4      | Killed Natasha
  3106 | D:4      | Reached XP level 7. HP: 31/61 MP: 6/6
  3637 | D:5      | Entered Level 5 of the Dungeon
  3641 | D:5      | Reached skill level 7 in Long Blades
  4088 | D:5      | Reached skill level 1 in Stealth
  4088 | D:5      | Reached XP level 8. HP: 68/71 MP: 7/7
  4386 | D:5      | Reached skill level 8 in Long Blades
  4544 | D:5      | Reached skill level 1 in Maces & Flails
  4638 | D:6      | Found Lom Meha's Antique Weapon Emporium.
  4645 | D:6      | Noticed Natasha
  4645 | D:6      | Found Raemypn's Jewellery Boutique.
  4667 | D:6      | Banished Natasha
  4742 | D:6      | Reached **** piety under Trog
  4752 | D:6      | HP: 1/73 [orc warrior/battleaxe (20)]
  4755 | D:6      | Slain by an orc wizard

Vault maps used:
D:1:      tarquinn_simple_flora_water_a
D:2:      uniq_robin, uniq_jessica
D:4:      first_ration, bloody_trog, uniq_natasha
D:6:      lemuel_blue_sif_altar, minmay_temple_entry_statues_pillars,
          serial_shops, shop, nicolae_shop_waterfront, nicolae_shop_stone,
          nicolae_shop_behind_doors, uniq_edmund, uniq_blork_the_orc

Skill      XL: |  1  2  3  4  5  6  7  8 |
---------------+-------------------------+-----
Long Blades    | 4 5 6 7 8 |  8.6
Fighting       | 4 5 6 7 |  7.1
Armour         | 3 4 5 6 |  6.9
Dodging        | 3 4 |  4.4
Stealth        | 1 |  1.1
Maces & Flails | 4 |  4.1

Action                   |  1- 3 |  4- 6 |  7- 9 || total
-------------------------+-------+-------+-------++-------
Melee: Falchion          |    48 |   120 |    62 ||   230
       Headbutt          |     9 |    27 |    28 ||    64
       Mace              |       |       |    52 ||    52
Invok: Berserk           |     1 |     1 |       ||     2
  Use: Scroll            |       |     5 |     1 ||     6
  Eat: Chunk             |     1 |     4 |     5 ||    10
       Ration            |       |     1 |       ||     1
Armor: Animal skin       |     4 |       |       ||     4
       Ring mail         |    13 |    29 |    24 ||    66
Dodge: Dodged            |    26 |    63 |    75 ||   164
       Rpst.: Falchion   |     4 |    15 |     8 ||    27

Table legend:
 A = Spawn XP
 B = Non-spawn XP
 C = Spawn XP percentage of total XP
 D = Spawn monster count
 E = Non-spawn monster count
 F = Spawn count percentage of total count
 G = Total turns spent on level
                    A         B        C        D         E        F      G
               +---------+---------+-------+---------+---------+-------+---------
         Total |       0 |    2472 |   0.0 |       0 |     120 |   0.0 |  4755
               +---------+---------+-------+---------+---------+-------+---------
           D:1 |       0 |      23 |   0.0 |       0 |      11 |   0.0 |   728
           D:2 |       0 |     181 |   0.0 |       0 |      31 |   0.0 |   682
           D:3 |       0 |     288 |   0.0 |       0 |      25 |   0.0 |  1252
           D:4 |       0 |     496 |   0.0 |       0 |      21 |   0.0 |   975
           D:5 |       0 |     899 |   0.0 |       0 |      16 |   0.0 |   959
           D:6 |       0 |     585 |   0.0 |       0 |      16 |   0.0 |   159
               +---------+---------+-------+---------+---------+-------+---------
